 Dungeon Crawl Stone Soup version 0.23.2-1-ga50397a (webtiles) character file.

Game seed: 7560851105958756723

72 grundic the Caller (level 4, 0/24 HPs)
             Began as a Tengu Summoner on May 11, 2019.
             Slain by an adder (2 damage)
             ... on level 2 of the Dungeon.
             The game lasted 00:21:57 (2018 turns).

grundic the Caller (Tengu Summoner)                 Turns: 2018, Time: 00:21:58

Health: 0/24       AC:  4    Str:  8    XL:     4   Next: 25%
Magic:  2/9        EV: 13    Int: 17    God:
Gold:   99         SH:  0    Dex: 14    Spells: 7/8 levels left

rFire    + . .     SeeInvis .   (no weapon)
rCold    . . .     Gourm    .   (no shield)
rNeg     . . .     Faith    .   h - +2 robe {rF+}
rPois    .         Spirit   .   (helmet restricted)
rElec    .         Reflect  .   (no cloak)
rCorr    .         Harm     .   (no gloves)
MR       .....                  (boots unavailable)
Stlth    ++........             (no amulet)
HPRegen  0.08/turn              (no ring)
MPRegen  0.11/turn              (no ring)

@: lethally poisoned (0 -> -4)
A: beak, talons 3
a: no special abilities


You were on level 2 of the Dungeon.
You were not hungry.

You visited 1 branch of the dungeon, and saw 3 of its levels.

You collected 99 gold pieces.

Inventory:

Hand Weapons
 f - a +0 club
 g - a +0 dagger
 i - a +0 short sword
Missiles
 b - 8 tomahawks (quivered)
 k - 10 poisoned needles
Armour
 a - a +1 robe
 h - a +2 robe of fire resistance (worn)
Jewellery
 l - an uncursed ring of resist corrosion {unknown}
Scrolls
 e - 2 scrolls of identify
 m - a scroll of fog {unknown}
 o - a scroll of immolation {unknown}
Potions
 d - a potion of mutation {unknown}
 j - a potion of might
Comestibles
 c - 5 rations
 n - a chunk of flesh


   Skills:
 + Level 0.3 Throwing
 + Level 2.3 Dodging
 + Level 2.2 Stealth
 + Level 2.8 Spellcasting
 + Level 5.9 Summonings


You had 7 spell levels left.
You knew the following spells:

 Your Spells              Type           Power        Failure   Level  Hunger
a - Summon Small Mammal   Summ           ###.         1%          1    #......

Your spell library contained the following spells:

 Spells                   Type           Power        Failure   Level  Hunger
 Call Imp                 Summ           ###.....     2%          2    ##.....
 Call Canine Familiar     Summ           ###.....     4%          3    ###....
 Summon Guardian Golem    Hex/Summ       ##......     16%         3    ###....
 Summon Ice Beast         Ice/Summ       ##......     45%         4    #####..
 Summon Lightning Spire   Summ/Air       ##......     45%         4    #####..


Dungeon Overview and Level Annotations

Branches:
Dungeon (3/15)

Altars:


Innate Abilities, Weirdness & Mutations

You have a beak for a mouth.
You have claws for feet.


Message History

The adder bites you.
* * * LOW HITPOINT WARNING * * *
* * * LOW HITPOINT WARNING * * *
You feel sick. The adder barely misses your rat.
The hobgoblin hits your rat but does no damage.
Your rat bites the adder.
The adder bites your rat.
Your rat dies!
Your rat's corpse disappears in a puff of smoke!
Your rat bites the hobgoblin but does no damage.
Your rat completely misses the adder.
The hobgoblin hits your rat with a +0 club.
Your rat dies!
Your rat's corpse disappears in a puff of smoke!
* * * LOW HITPOINT WARNING * * *
You feel sick.
Casting: Summon Small Mammal (safe; 1% risk of failure)
Confirm with . or Enter, or press ? or * to list all spells.
* * * LOW HITPOINT WARNING * * *
You feel sick. The adder bites you.
You die...

.....#######.......<..##....#####
.......................'.........
############..........##....#####
############..........##....####.
............................'....
############..........##....####.
#####r####.........##. #.#
#.#######.##. #@# #.......#....
######S########.#######
###########..g.g........§........
..............r........)§.#######
###########.....#################
#..(.........# #..........r
#.######.....# #..........r #.
#...(.################# .g
#.....'................


You could see an adder, a hobgoblin and 2 friendly rats.

Vanquished Creatures
  A hobgoblin (D:1)
  A kobold (D:2)
  A bat (D:2)
  A goblin (D:2)
  2 rats (D:1)
6 creatures vanquished.

Vanquished Creatures (collateral kills)
  A howler monkey (D:2)
  4 adders (D:2)
  A leopard gecko (D:1)
  7 bats
  4 giant cockroaches
  4 goblins
  7 hobgoblins
  3 jackals (D:2)
  4 kobolds
  2 frilled lizards (D:1)
  5 rats
42 creatures vanquished.

Grand Total: 48 creatures vanquished

Notes
Turn   | Place    | Note
-------+----------+-------------------------------------------
     0 | D:1      | grundic the Tengu Summoner began the quest for the Orb.
     0 | D:1      | Reached XP level 1. HP: 10/10 MP: 4/4
   178 | D:1      | Reached skill level 5 in Summonings
   468 | D:1      | Reached XP level 2. HP: 15/15 MP: 3/6
  1154 | D:2      | Noticed a howler monkey
  1156 | D:2      | Reached XP level 3. HP: 19/19 MP: 2/7
  1380 | D:2      | Reached XP level 4. HP: 19/24 MP: 4/9
  2018 | D:2      | Slain by an adder

Skill      XL: |  1 |
---------------+----+-----
Summonings     | 5 |  5.9
Throwing       | |  0.3
Dodging        | |  2.3
Stealth        | |  2.2
Spellcasting   | |  2.8

Action                   |  1- 3 |  4- 6 || total
-------------------------+-------+-------++-------
Throw: Tomahawk          |    19 |     3 ||    22
 Cast: Summon Small Mamm |    62 |    36 ||    98
  Use: Scroll            |     2 |     1 ||     3
  Eat: Chunk             |     2 |     2 ||     4
Armor: Robe              |    14 |     2 ||    16
Dodge: Dodged            |    39 |     3 ||    42
